 Dungeon Crawl Stone Soup version 0.28-a0-925-gd5e1996cdb (webtiles) character file.

Game seed: 8294255044429262719

5868 croobank the Cleaver (level 10, -3/59 (63) HPs)
             Began as an Octopode Earth Elementalist on Nov 26, 2021.
             Was an Elder of Ru.
             Slain by an orc warrior (11 damage)
             ... on level 9 of the Dungeon.
             The game lasted 01:12:43 (9972 turns).

croobank the Cleaver (Octopode Earth Elementalist)  Turns: 9972, Time: 01:12:43

HP:   -3/59 (63)    AC:  5    Str: 11    XL:     10   Next: 81%
MP:   33/35         EV: 12    Int: 17    God:    Ru [****..]
Gold: 507           SH:  0    Dex: 19    Spells: 6/19 levels left

rFire   x . .      SeeInvis .   a - +6 war axe (freeze)
rCold   + . .      Faith    .   (no shield)
rNeg    . . .      Spirit   .   (helmet restricted)
rPois   .          Reflect  .   (no amulet)
rElec   .          Harm     .   e - +4 ring of protection
rCorr   +          Rampage  .   k - ring of resist corrosion
Will    .....                   x - +6 ring of dexterity
Stlth   +++++.....              D - ring of magical power
HPRegen 0.19/turn               H - ring of magical power
MPRegen 0.24/turn               K - ring of ice
                                O - ring of wizardry
                                (no ring)

@: exhausted, hasted, drained, very quick
A: almost no armour, amphibious, 8 rings, camouflage 1, gelatinous body 1, hated
by all, inability to train dodging, (nimble swimmer 1), tentacles
a: Renounce Religion, Draw Out Power, Power Leap


You were on level 9 of the Dungeon.
You worshipped Ru.
Ru was greatly pleased with you.
You visited 1 branch of the dungeon, and saw 9 of its levels.
You also visited: Ossuary.

You collected 507 gold pieces.

Inventory:

Hand Weapons
 a - a +6 war axe of freezing (weapon)
 b - the +5 hunting sling of Past Mistakes {flame, rF++ Str+6}
   (You found it on level 6 of the Dungeon)

   Any ammunition fired from it burns those it strikes, dealing additional fire
   damage.
   Str:       It affects your strength (+6).
   rF:        It greatly protects you from fire.
 m - a +0 arbalest
 n - a +2 rapier of electrocution
 q - a +0 longbow
 u - a +1 whip of venom
 Q - a +0 mace of holy wrath
 R - a +1 dagger of venom
 U - a +5 falchion of freezing
 V - a +3 great sword
 W - a +3 morningstar of freezing
Missiles
 c - 286 stones
 f - 111 sling bullets
 y - 6 throwing nets
 A - 36 bolts
 G - 123 arrows
 M - 12 boomerangs
Armour
 s - a +2 tower shield
Jewellery
 e - a +4 ring of protection (left tentacle)
 k - a ring of resist corrosion (right tentacle)
 x - a +6 ring of dexterity (on tentacle)
 D - a ring of magical power (on tentacle)
 H - a ring of magical power (on tentacle)
 K - a ring of ice (on tentacle)
 O - a ring of wizardry (on tentacle)
Wands
 d - a wand of acid (14)
 l - a wand of polymorph (6)
 r - a wand of iceblast (7)
 N - a wand of flame (25)
Scrolls
 g - 2 scrolls of fog
 o - 2 scrolls of amnesia
 t - a scroll of immolation
 z - a scroll of vulnerability {unknown}
 I - 2 scrolls of magic mapping
 P - a scroll of summoning {unknown}
 S - a scroll of blinking {unknown}
Potions
 h - a potion of mutation
 j - a potion of attraction {unknown}
 v - 2 potions of might {unknown}
 w - a potion of ambrosia {unknown}
 C - a potion of lignification
 E - 2 potions of brilliance {unknown}
 F - a potion of degeneration {unknown}
 J - 2 potions of magic {unknown}
 L - 3 potions of flight {unknown}


   Skills:
 + Level 4.0 Fighting
 * Level 9.3 Axes
 - Level 0.3 Staves
 + Level 2.6 Slings
 + Level 6.7 Stealth
 * Level 5.6 Shields
 * Level 5.3 Spellcasting
 + Level 2.2 Hexes
 * Level 6.0 Transmutations
 + Level 4.1 Earth Magic
 + Level 1.0 Evocations


You had 6 spell levels left.
You knew the following spells:

 Your Spells              Type           Power      Damage    Failure   Level
a - Sandblast             Erth           36%        2d10      1%          1
b - Stone Arrow           Conj/Erth      22%        3d8       7%          3
c - Passwall              Tmut/Erth      17%        N/A       1%          2
d - Slow                  Hex            48%        N/A       2%          1
e - Confusing Touch       Hex            12%        N/A       6%          3
f - Vampiric Draining     Necr           4%         2d6       16%         3

Your spell library contained the following spells:

 Spells                   Type           Power      Damage    Failure   Level
 Petrify                  Tmut/Erth      21%        N/A       7%          4
 Corpse Rot               Necr/Air       8%         N/A       9%          2
 Dispel Undead            Necr           4%         3d7       45%         4
 Freezing Cloud           Conj/Ice/Air   3%         6-21      80%         5
 Dispersal                Tloc           2%         N/A       100%        6
 Disjunction              Tloc           2%         N/A       100%        8
 Polar Vortex             Ice            3%         N/A       100%        9
 Death Channel            Necr           Unusable   N/A       N/A         6
 Simulacrum               Ice/Necr       Unusable   N/A       N/A         6

Dungeon Overview and Level Annotations

Branches:
Dungeon (9/15)             Temple (0/1) D:7         Ossuary (visited)
   Lair: D:8-11         Orc: D:9-12

Altars:
Cheibriados
Dithmenos
Ru
Sif Muna
Wu Jian


Innate Abilities, Weirdness & Mutations

You cannot wear most types of armour.
You are amphibious.
You can wear up to eight rings at the same time.
Your skin changes colour to match your surroundings (Stealth+).
Your rubbery body absorbs attacks. (AC +1, EV +1)
You are hated by all.
You cannot train Dodging skill.
((You are camouflaged near water. (Stealth+)))
You have tentacles for arms and can constrict up to eight enemies at once.


Message History

The orc warrior barely misses you.
You barely miss the centaur.
The centaur is almost dead.
You hit the orc warrior. You freeze the orc warrior.
You constrict the orc warrior, but do no damage.
The centaur hits you.
* * * LOW HITPOINT WARNING * * *
The centaur kicks you but does no damage.
Casting: Confusing Touch (dangerous; 6% risk of failure)
Confirm with . or Enter, or press ? or * to list all spells.
You don't know that spell.
Casting: Confusing Touch (dangerous; 6% risk of failure)
Confirm with . or Enter, or press ? or * to list all spells.
Aiming: Vampiric Draining (dangerous; 16% risk of failure)
Press: ? - help, Shift-Dir - straight line Out of range.
Okay, then.
Okay, then.
Casting: Vampiric Draining (dangerous; 16% risk of failure)
Confirm with . or Enter, or press ? or * to list all spells.
Aiming: Vampiric Draining (dangerous; 16% risk of failure)
Press: ? - help, Shift-Dir - straight line, f - orc warrior
Aim: an orc warrior, wielding a +0 halberd and wearing a +0 chain mail (heavily wounded, constricted by you, confused, blind)
You draw life force from the orc warrior.
You feel life coursing into your body.
You constrict the orc warrior.
The orc warrior struggles to escape constriction.
The centaur hits you but does no damage.
The centaur misses you.
You hit the centaur. You freeze the centaur.
The centaur is almost dead.
You hit the orc warrior but do no damage.
You constrict the orc warrior, but do no damage.
The centaur closely misses you. The centaur misses you.
The orc warrior struggles to escape constriction.
You slash the centaur! You freeze the centaur.
You kill the centaur!
You hit the orc warrior. You freeze the orc warrior.
You constrict the orc warrior, but do no damage.
The orc warrior hits you with a +0 halberd!
You die...

#..........#
#####
#..........#
##....
...........#
#....
........)..
#....
#.......(.
#...##
#........
#....#
......c.##
#....#
..c...oTo#
#..@##
#...###lF###
#..o)# #
#.....
#.........
#.......
...........
###..###
######..###..
#..##. .... .
...(##. ###.#
.....### ...
###...... ..
#......


You could see an orc warrior (confused, blind).

Vanquished Creatures
  Harold (D:7)
  2 vault sentinels (D:8)
  A gargoyle (D:8)
  Maggie (D:7)
  A komodo dragon (D:8)
  A hornet (D:7)
  A wraith (Ossuary)
  5 yaks (D:8)
  A steam dragon (D:8)
  A water moccasin (D:8)
  An ice beast (D:8)
  A sky beast (D:5)
  A black bear (D:7)
  An orc warrior (D:8)
  An ogre (D:7)
  A necrophage (D:5)
  6 centaurs
  A bullfrog (D:7)
  3 scorpions
  3 killer bees (D:8)
  3 wights (D:8)
  A centaur zombie (D:6)
  A bullfrog zombie (D:6)
  3 hounds
  A centaur skeleton (D:4)
  A jelly (D:7)
  A bullfrog skeleton (D:4)
  4 orc priests
  Ijyb (D:3)
  4 iguanas
  5 orc wizards
  A killer bee zombie (D:7)
  A hound skeleton (D:4)
  3 mummies (Ossuary)
  A howler monkey zombie (D:7)
  4 gnolls (D:4)
  7 adders
  A shadow imp (D:7)
  3 white imps
  An ufetubus (D:7)
  2 adder skeletons (D:4)
  2 worms (D:5)
  3 dart slugs
  19 orcs
  2 endoplasms (D:3)
  6 giant cockroaches
  10 goblins
  6 hobgoblins
  8 jackals
  A kobold (D:3)
  2 quokkas
  8 ball pythons
  11 bats
  7 frilled lizards
  3 goblin zombies (Ossuary)
  3 hobgoblin zombies (Ossuary)
  5 kobold zombies (Ossuary)
  An orc zombie (Ossuary)
  9 rats
189 creatures vanquished.

Vanquished Creatures (others)
  A centaur (D:8)
  A wight (D:8)
  An iguana (D:7)
  An orc (D:8)
4 creatures vanquished.

Grand Total: 193 creatures vanquished

Notes
Turn   | Place    | Note
-------+----------+-------------------------------------------
     0 | D:1      | croobank the Octopode Earth Elementalist began the quest
                  | for the Orb.
     0 | D:1      | Reached XP level 1. HP: 11/11 MP: 3/3
   241 | D:1      | Reached XP level 2. HP: 15/17 MP: 5/5
   645 | D:1      | Reached XP level 3. HP: 20/21 MP: 6/6
   794 | D:2      | Learned a level 3 spell: Stone Arrow
  1247 | D:2      | Reached skill level 1 in Axes
  1752 | D:3      | Reached XP level 4. HP: 22/27 MP: 7/7
  1880 | D:3      | Found a faded altar of an unknown god.
  2300 | D:3      | Noticed Ijyb
  2310 | D:3      | Killed Ijyb
  2604 | D:3      | Found a sacrificial altar of Ru.
  2622 | D:3      | Became a worshipper of Ru the Awakened
  2761 | D:4      | Reached skill level 2 in Axes
  2765 | D:4      | Reached skill level 1 in Fighting
  2765 | D:4      | Reached XP level 5. HP: 24/33 MP: 8/8
  2766 | D:4      | Reached skill level 1 in Shields
  2931 | D:4      | Reached skill level 3 in Axes
  2934 | D:4      | Reached XP level 6. HP: 33/38 MP: 9/9
  3294 | D:4      | Found a shadowy altar of Dithmenos.
  3407 | D:4      | Reached skill level 4 in Axes
  3514 | D:4      | Reached XP level 7. HP: 34/43 MP: 10/10
  3798 | D:5      | Entered Level 5 of the Dungeon
  3800 | D:5      | Found a snail-covered altar of Cheibriados.
  3957 | D:5      | Gained mutation: You cannot train Dodging skill. [Ru
                  | sacrifice]
  3957 | D:5      | Reached * piety under Ru
  3957 | D:5      | Reached ** piety under Ru
  4331 | D:5      | Reached skill level 5 in Axes
  4615 | D:5      | Reached skill level 1 in Slings
  4624 | D:6      | Identified the +5 hunting sling of Past Mistakes {flame,
                  | rF++ Str+6}
  4635 | D:6      | Found a sand-covered staircase.
  4640 | Ossuary  | Entered an ossuary
  4640 | Ossuary  | Noticed a wraith
  4640 | Ossuary  | Noticed a wraith
  4640 | Ossuary  | Noticed a wraith
  4793 | Ossuary  | Noticed a wraith
  4806 | Ossuary  | Killed a wraith
  4807 | Ossuary  | Reached XP level 8. HP: 33/50 MP: 11/11
  5396 | D:6      | Reached skill level 5 in Stealth
  5946 | D:7      | Noticed Maggie
  5966 | D:7      | Killed Maggie
  5967 | D:7      | Reached skill level 6 in Axes
  6497 | D:7      | Noticed a hornet
  6501 | D:7      | Paralysed by a hornet for 1 turns
  6506 | D:7      | Found a staircase to the Ecumenical Temple.
  6560 | D:7      | Gained mutation: You are hated by all. [Ru sacrifice]
  6560 | D:7      | Reached *** piety under Ru
  6560 | D:7      | Reached **** piety under Ru
  6750 | D:7      | Killed a hornet
  6751 | D:7      | Reached XP level 9. HP: 32/55 MP: 13/13
  7020 | D:7      | Noticed Harold
  7034 | D:7      | Killed Harold
  7035 | D:7      | Reached skill level 7 in Axes
  7248 | D:7      | Learned a level 2 spell: Passwall
  7250 | D:7      | Learned a level 1 spell: Slow
  7254 | D:7      | Learned a level 3 spell: Confusing Touch
  7276 | D:7      | You fall into a shaft and drop 1 floor!
  7281 | D:8      | Reached skill level 5 in Transmutations
  7614 | D:8      | Noticed a komodo dragon
  7619 | D:8      | Killed a komodo dragon
  7620 | D:8      | Reached skill level 5 in Shields
  7642 | D:8      | Reached XP level 10. HP: 48/63 MP: 16/16
  7733 | D:8      | Reached skill level 8 in Axes
  8215 | D:8      | Learned a level 3 spell: Vampiric Draining
  8277 | D:8      | Noticed a gargoyle
  8291 | D:8      | Killed a gargoyle
  8292 | D:8      | Reached skill level 1 in Hexes
  8292 | D:8      | Reached skill level 1 in Evocations
  8925 | D:8      | Reached skill level 5 in Spellcasting
  9151 | D:8      | Noticed a vault sentinel
  9151 | D:8      | Noticed a vault sentinel
  9158 | D:8      | Found the +18 shield of the Gong {rElec rN+ Will+ EV-5}
  9172 | D:8      | Killed a vault sentinel
  9186 | D:8      | Killed a vault sentinel
  9383 | D:8      | Reached skill level 9 in Axes
  9736 | D:9      | Found an ornate altar of the Wu Jian Council.
  9740 | D:9      | Found a shimmering blue altar of Sif Muna.
  9972 | D:9      | Slain by an orc warrior

Illustrated notes

Levels and vault maps discovered:
D:1:      dpeg_arrival_connections, layout_basic
D:2:      layout_basic
D:3:      layout_basic, mainiacjoe_overflow_alcove_4,
          ebering_ecumenical_altar_mist, minmay_quantized, uniq_ijyb
D:4:      minmay_chambers_of_twos, layout_basic, kennysheep_mini
D:5:      layout_rooms, cheibriados_altar_1, cheibrodos_sewer_entry_bend,
          serial_park_tiny_2
D:6:      layout_gridville, enter_ossuary_5
D:7:      layout_gridville, minmay_temple_entry_junction,
          kennysheep_generic_room_14, uniq_harold, uniq_maggie
D:8:      layout_loops_ring, grunt_decor_fettered, hellmonk_guarded_unrand_gong
D:9:      layout_rooms, grunt_temple_overflow_open,
          kennysheep_orc_monster_closet_entryway, hangedman_decor_growths

Skill      XL: |  1  2  3  4  5  6  7  8  9 10 |
---------------+-------------------------------+-----
Stealth        | 3 4 6 |  6.7
Axes           | 1 2 3 4 5 6 7 9 |  9.3
Fighting       | 1 2 3 4 |  4.0
Shields        | 1 2 4 5 |  5.6
Transmutations | 2 3 4 5 6 |  6.0
Dodging        | 0 |  0.0
Slings         | 1 2 |  2.6
Spellcasting   | 3 4 5 |  5.3
Earth Magic    | 4 |  4.1
Hexes          | 2 |  2.2
Evocations     | 1 |  1.0
Staves         | |  0.3

Action                   |  1- 3 |  4- 6 |  7- 9 | 10-12 || total
-------------------------+-------+-------+-------+-------++-------
Melee: Staff             |    56 |       |       |       ||    56
       Constrict         |    28 |    23 |    30 |    16 ||    97
       Tentacles         |    12 |    16 |    38 |    32 ||    98
       Hand axe          |    28 |       |       |       ||    28
       War axe           |    22 |    76 |   157 |   117 ||   372
 Fire: Hunting sling     |       |     2 |    37 |       ||    39
 Cast: Sandblast         |       |       |    12 |     6 ||    18
       Slow              |       |       |     2 |    12 ||    14
       Confusing Touch   |       |       |     2 |     9 ||    11
       Stone Arrow       |       |       |     1 |     1 ||     2
       Vampiric Draining |       |       |       |     1 ||     1
Invok: Sacrifice Nimblen |       |       |     1 |       ||     1
       Draw Out Power    |       |       |     2 |     2 ||     4
       Sacrifice Love    |       |       |     1 |       ||     1
Evoke: Wand              |       |     5 |     3 |    10 ||    18
  Use: Scroll            |     4 |     2 |    12 |     3 ||    21
       Potion            |       |       |     7 |     5 ||    12
 Stab: Sleeping          |     7 |     9 |    10 |     2 ||    28
       Invisible         |       |       |     5 |       ||     5
       Confused          |       |       |       |     2 ||     2
       Distracted        |       |       |       |     1 ||     1
Armor: Skin              |    30 |    32 |    45 |    24 ||   131
Dodge: Dodged            |    77 |    48 |    46 |    53 ||   224
Block: Tower shield      |       |    39 |   112 |       ||   151

Table legend: (Time is in decaauts)
 A = Elapsed time spent in this place.
 B = Non-inter-level travel time spent in this place.
 C = Inter-level travel time spent in this place.
 D = Time resting spent in this place.
 E = Time spent auto-exploring this place.
 F = Levels seen in this place.
 G = Mean time per level.
                   A        B        C        D        E       F      G
               +--------+--------+--------+--------+--------+-----+--------+
         Total |  10146 |   9958 |    188 |   2432 |   5143 |  10 | 1014.6 |
       Dungeon |   9582 |   9394 |    188 |   2329 |   4813 |   9 | 1064.7 |
       Ossuary |    564 |    564 |      0 |    103 |    330 |   1 |  564.0 |
               +--------+--------+--------+--------+--------+-----+--------+

Top non-repeatable levels by time:
     D:8: 2025 daAuts
     D:7: 1818 daAuts
     D:4: 1179 daAuts
     D:3: 1029 daAuts
     D:2: 886 daAuts
     D:5: 857 daAuts
     D:1: 789 daAuts
     D:6: 725 daAuts
 Ossuary: 564 daAuts
     D:9: 271 daAuts
